 Dungeon Crawl Stone Soup version 0.27.1-1-g398f81649c (webtiles) character file.

Game seed: 17326546372947461119

124 ZARRMARR the Sneak (level 5, -1/34 HPs)
             Began as an Octopode Conjurer on Sept 11, 2021.
             Slain by an orc (5 damage)
             ... on level 4 of the Dungeon.
             The game lasted 00:06:47 (3373 turns).

ZARRMARR the Sneak (Octopode Conjurer)              Turns: 3373, Time: 00:06:49

Health: -1/34      AC:  1    Str:  6    XL:     5   Next: 8%
Magic:  0/8        EV: 13    Int: 21    God:
Gold:   163        SH:  0    Dex: 11    Spells: 6/8 levels left

rFire    . . .     SeeInvis .   (no weapon)
rCold    . . .     Faith    .   (no shield)
rNeg     . . .     Spirit   +   (helmet restricted)
rPois    .         Reflect  .   e - amulet of guardian spirit
rElec    .         Harm     .   c - ring of resist corrosion
rCorr    +         Rampage  .   (no ring)
Will     .....                  (no ring)
Stlth    +++.......             (no ring)
HPRegen  0.11/turn              (no ring)
MPRegen  0.11/turn              (no ring)
                                (no ring)
                                (no ring)

@: no status effects
A: almost no armour, amphibious, 8 rings, camouflage 1, gelatinous body 1,
(nimble swimmer 1), tentacles
a: no special abilities


You were on level 4 of the Dungeon.
You visited 1 branch of the dungeon, and saw 4 of its levels.

You collected 163 gold pieces.

Inventory:

Jewellery
 c - a ring of resist corrosion (left tentacle)
 e - an amulet of guardian spirit (around mantle)
 j - a ring of ice
Wands
 g - a wand of mindburst (14)
 k - a wand of acid (11)
Scrolls
 f - a scroll of amnesia
 i - a scroll of holy word
Potions
 b - 3 potions of curing {unknown}
 d - a potion of brilliance {unknown}
 h - a potion of resistance {unknown}


   Skills:
 + Level 2.1 Fighting
 + Level 3.1 Dodging
 + Level 4.2 Stealth
 - Level 2.0 Spellcasting
 - Level 4.0 Conjurations
 * Level 1.1 Hexes
 + Level 1.3 Evocations


You had 6 spell levels left.
You knew the following spells:

 Your Spells              Type           Power      Damage    Failure   Level
a - Magic Dart            Conj           72%        1d6       2%          1
b - Corona                Hex            7%         N/A       9%          1

Your spell library contained the following spells:

 Spells                   Type           Power      Damage    Failure   Level
 Searing Ray              Conj           36%        3d4       4%          2
 Dazzling Flash           Conj/Hex       24%        N/A       16%         3
 Ensorcelled Hibernation  Hex/Ice        8%         N/A       17%         2
 Tukima's Dance           Hex            7%         N/A       26%         3
 Spider Form              Tmut/Pois      1%         N/A       41%         3
 Fulminant Prism          Conj/Hex       6%         3d7       45%         4
 Iskenderun's Mystic Bla  Conj/Tloc      10%        2d4       54%         4
 Shadow Creatures         Summ           N/A        N/A       100%        6


Dungeon Overview and Level Annotations

Branches:
Dungeon (4/15)
 Temple: D:4-7

Altars:


Innate Abilities, Weirdness & Mutations

You cannot wear most types of armour.
You are amphibious.
You can wear up to eight rings at the same time.
Your skin changes colour to match your surroundings (Stealth+).
Your rubbery body absorbs attacks. (AC +1, EV +1)
((You are camouflaged near water. (Stealth+)))
You have tentacles for arms and can constrict up to eight enemies at once.


Message History

The scorpion's mind is blasted.
You hear a shout! x2; You hear an angry hiss.
You hear a shout!
You hear a bark!
Aiming: Mindburst
Press: ? - help, Shift-Dir - straight line, f/p - scorpion
Aim: a scorpion (moderately wounded, chance to affect: 70%)
The scorpion's mind is blasted!!
You blow up the scorpion!
You hear a bark!
You hear a shout!
Your Fighting skill increases to level 2!
Your Dodging skill increases to level 3!
Your Hexes skill increases to level 1!
Your Evocations skill increases to level 1!
You have reached level 5!
You feel agile.
You start waiting.
An orc comes into view. It is wielding a +0 flail.
The magic dart hits the orc.
The orc is lightly wounded.
An ogre comes into view. It is wielding a +0 giant club.
An orc comes into view.
It is wielding a +2 flail of protection.
The magic dart hits the orc but does no damage.
The orc is lightly wounded.
The magic dart hits the orc.
The orc is severely wounded.
The orc closely misses you.
The magic dart hits the orc.
You kill the orc!
The orc misses you.
The magic dart hits the ogre.
The ogre is lightly wounded.
The ogre misses you. The orc closely misses you.
An orc comes into view. It is wielding a +0 club.
The magic dart hits the ogre.
The ogre is lightly wounded.
The orc shouts!
The ogre hits you with a +0 giant club!!
Ouch! That really hurt!
* * * LOW HITPOINT WARNING * * *
The orc hits you with a +2 flail of protection.
You die...

#### #.(.
..#
####o###.#
......)@.#
####..oO.#
#.(...#
#......
#####...
.### ##


You could see an ogre and 2 orcs.

Vanquished Creatures
  A scorpion (D:4)
  A worm (D:3)
  A dart slug (D:3)
  An orc (D:4)
  5 ball pythons
  5 endoplasms
  5 giant cockroaches
  2 goblins (D:1)
  5 hobgoblins
  6 jackals (D:1)
  3 kobolds
  2 quokkas (D:3)
  5 bats
  4 frilled lizards
  11 rats
57 creatures vanquished.

Notes
Turn   | Place    | Note
-------+----------+-------------------------------------------
     0 | D:1      | ZARRMARR the Octopode Conjurer began the quest for the Orb.
     0 | D:1      | Reached XP level 1. HP: 11/11 MP: 3/3
   272 | D:1      | Reached XP level 2. HP: 18/18 MP: 1/5
   291 | D:1      | Reached skill level 1 in Fighting
   644 | D:1      | Found a faded altar of an unknown god.
   833 | D:1      | Reached XP level 3. HP: 23/23 MP: 0/6
  2505 | D:3      | Reached XP level 4. HP: 29/29 MP: 5/7
  3358 | D:3      | Learned a level 1 spell: Corona
  3359 | D:4      | Noticed a scorpion
  3361 | D:4      | Killed a scorpion
  3362 | D:4      | Reached skill level 1 in Hexes
  3362 | D:4      | Reached skill level 1 in Evocations
  3362 | D:4      | Reached XP level 5. HP: 34/34 MP: 8/8
  3368 | D:4      | Noticed an ogre
  3373 | D:4      | Slain by an orc

Illustrated notes

Levels and vault maps discovered:
D:1:      dpeg_arrival_tiny_b, layout_loops_cross, ebering_ecumenical_altar_box
D:2:      layout_basic, serial_bayou_pond_d, kennysheep_big_empty_room,
          kennysheep_flooded_box, minmay_rat_gold_closets
D:3:      layout_basic
D:4:      layout_rooms, serial_shops, nicolae_diamond_shop, minmay_liquid_box,
          minmay_close_crescents

Skill      XL: |  1  2  3  4 |
---------------+-------------+-----
Stealth        | 3 4 |  4.2
Fighting       | 1 2 |  2.1
Dodging        | 3 |  3.1
Hexes          | 1 |  1.1
Evocations     | 1 |  1.3
Spellcasting   | |  2.0
Conjurations   | |  4.0

Action                   |  1- 3 |  4- 6 || total
-------------------------+-------+-------++-------
Melee: Unarmed           |    20 |       ||    20
       Constrict         |     9 |       ||     9
       Tentacles         |     6 |       ||     6
 Cast: Magic Dart        |    83 |    27 ||   110
Evoke: Wand              |       |     2 ||     2
  Use: Scroll            |     6 |     1 ||     7
Armor: Skin              |     5 |       ||     5
Dodge: Dodged            |    10 |     7 ||    17
